 Dungeon Crawl Stone Soup version 0.29-a0-322-g68df515428 (console) character file.

Game seed: 10211246638507555130

2558 lilymode the Chiller (level 9, -2/57 HPs)
             Began as an Octopode Wanderer on Apr 6, 2022.
             Was a Follower of Sif Muna.
             Slain by an unseen horror (6 damage)
             ... on level 7 of the Dungeon.
             The game lasted 00:16:57 (9141 turns).

lilymode the Chiller (Octopode Wanderer)            Turns: 9141, Time: 00:16:58

Health: -2/57      AC:  1    Str: 10    XL:     9   Next: 56%
Magic:  13/18      EV: 14    Int: 18    God:    Sif Muna [*.....]
Gold:   387        SH: 11    Dex: 13    Spells: 12/20 levels left

rFire   . . .      SeeInvis .   t - +0 dagger (venom)
rCold   + . .      Faith    .   b - +1 buckler
rNeg    . . .      Spirit   .   (helmet restricted)
rPois   .          Reflect  +   a - amulet of reflection
rElec   .          Harm     .   p - ring of willpower
rCorr   .          Rampage  .   v - ring of protection from cold
Will    +....                   (no ring)
Stlth   ++........              (no ring)
HPRegen 0.19/turn               (no ring)
MPRegen 0.16/turn               (no ring)
                                (no ring)
                                (no ring)

@: marked
A: almost no armour, amphibious, 8 rings, camouflage 1, gelatinous body 1,
(nimble swimmer 1), tentacles
a: Renounce Religion, Channel Magic


You were on level 7 of the Dungeon.
You worshipped Sif Muna.
Sif Muna was aware of your devotion.
You visited 2 branches of the dungeon, and saw 8 of its levels.

You collected 387 gold pieces.

Inventory:

Hand Weapons
 t - a +0 dagger of venom (weapon)
 y - a +0 short sword of electrocution
Armour
 b - a +1 buckler (worn)
Jewellery
 a - an amulet of reflection (around mantle)
 l - a ring of fire
 p - a ring of willpower (left tentacle)
 v - a ring of protection from cold (right tentacle)
 w - an amulet of guardian spirit
Wands
 i - a wand of polymorph (9)
Scrolls
 c - a scroll of blinking
 e - a scroll of identify
 g - 4 scrolls of amnesia
 h - 2 scrolls of teleportation
 j - a scroll of enchant armour
 n - a scroll of enchant weapon
Potions
 d - a potion of ambrosia {unknown}
 f - 3 potions of curing
 k - a potion of mutation {unknown}
 m - 2 potions of heal wounds
 o - 2 potions of cancellation
 q - a potion of flight
 s - 2 potions of attraction
 u - 2 potions of brilliance
 x - 2 potions of might


   Skills:
 + Level 3.2 Fighting
 - Level 1.0 Long Blades
 - Level 4.0 Dodging
 - Level 4.0 Shields
 + Level 6.2 Spellcasting
 - Level 7.0 Summonings
 - Level 7.0 Ice Magic


You had 12 spell levels left.
You knew the following spells:

 Your Spells              Type           Power      Damage    Failure   Level
a - Freeze                Ice            100%       1d11      1%          1
b - Ozocubu's Armour      Ice            30%        N/A       2%          3
c - Summon Ice Beast      Ice/Summ       30%        N/A       9%          4

Your spell library contained the following spells:

 Spells                   Type           Power      Damage    Failure   Level
 Metabolic Englaciation   Hex/Ice        9%         N/A       69%         5
 Simulacrum               Ice/Necr       9%         N/A       99%         6


Dungeon Overview and Level Annotations

Branches:
Dungeon (7/15)             Temple (1/1) D:4

Altars:
Ashenzari
Cheibriados
Dithmenos
Elyvilon
Fedhas
Gozag
Hepliaklqana
Kikubaaqudgha
Makhleb
Nemelex Xobeh
Qazlal
Ru
Sif Muna
Trog
Uskayaw
Vehumet
Wu Jian
Xom
Yredelemnul
Zin
The Shining One

Annotations:
D:2 Sigmund


Innate Abilities, Weirdness & Mutations

You cannot wear most types of armour.
You are amphibious.
You can wear up to eight rings at the same time.
Your skin changes colour to match your surroundings (Stealth+).
Your rubbery body absorbs attacks. (AC +1, EV +1)
((You are camouflaged when in or above water. (Stealth+)))
You have tentacles for arms and can constrict up to eight enemies at once.


Message History

The bullfrog dies!
Sif Muna accepts your kill.
You can now call upon Sif Muna for magical energy.
An orc wizard comes into view. It is wielding a +0 dagger.
Something hits your ice beast.
The orc hits your ice beast with a +0 club.
Something hits your ice beast! x2
An orc priest comes into view.
It is wielding a +0 club and carrying a wand of flame (16).
Something hits your ice beast but does no damage.
Something barely misses your ice beast.
The orc priest looks satisfied for a moment.
The orc wizard points at you and mumbles some strange words.
The puff of flame reflects off an invisible shield around you!
The puff of flame hits the orc wizard!
Something hits your ice beast but does no damage.
Something hits your ice beast!
Your ice beast dies!
Your ice beast disappears in a puff of smoke!
A black bear comes into view.
Something hits you.
Deactivating autopickup; reactivate with Ctrl-A.
Something hits you. x2; Something hits you!
Casting: Summon Ice Beast (dangerous; 9% risk of failure)
Confirm with . or Enter, or press ? or * to list all spells.
A chill wind blows around you. Something hits you! x2
* * * LOW HITPOINT WARNING * * *
A bullfrog comes into view.
You block something's attack. Something hits you.
* * * LOW HITPOINT WARNING * * *
The black bear barely misses you. You block the black bear's attack.
The black bear claws you.
* * * LOW HITPOINT WARNING * * *
Something barely misses you. Something hits you!
* * * LOW HITPOINT WARNING * * *
Blink to where?
Press: ? - help, Dir - move target
As you read the scroll of blinking, it crumbles to dust.
There is a stone staircase leading up here.
Something hits you.
You die...

..###...#.......## ###
##..###......## #.
#.###..## ##..#...## #.
#......## ##.###...###.
....###..###..##.)y...##
... ##...Yy....o#....#
#.. ##.........##.o...y
.#...#...###..Y##...##.#
.......@## ##..#...#####
#......## #......## #.
###.... ......[# #.
##... ......F# #. #...#
#...#... ## #... # ..##
# ..# #. #..#


You could see a vampire mosquito and a friendly ice beast (summoned).

Vanquished Creatures
  Pikel (D:4)
  Eustachio (D:5)
  3 humans (D:6)
  A black bear (D:5)
  2 sky beasts
  A centaur (D:7)
  3 lemures (D:4)
  A kobold brigand (D:6)
  A bullfrog (D:7)
  2 scorpions
  An orc priest (D:4)
  2 jellies
  3 iguanas (D:5)
  2 orc wizards (D:3)
  Robin (D:4)
  3 gnolls (D:5)
  8 adders
  A shadow imp (D:6)
  An ufetubus (D:5)
  3 dart slugs
  15 orcs
  3 ball pythons
  8 endoplasms
  22 goblins
  7 hobgoblins
  3 jackals (D:2)
  7 kobolds
  A quokka (D:4)
  5 bats
  7 frilled lizards
  6 rats
125 creatures vanquished.

Vanquished Creatures (collateral kills)
  A human (D:5)
  2 ice beasts
  A bullfrog (D:7)
  A howler monkey (D:6)
  A gnoll shaman (D:5)
  2 gnolls (D:5)
8 creatures vanquished.

Grand Total: 133 creatures vanquished

Notes
Turn   | Place    | Note
-------+----------+-------------------------------------------
     0 | D:1      | lilymode the Octopode Wanderer began the quest for the Orb.
     0 | D:1      | lilymode set off with the following items: a +0 falchion, a
                  | +0 buckler, a scroll of blinking; and the following spell
                  | memorised: Freeze; and the following spells available to
                  | memorise: Ozocubu's Armour, Summon Ice Beast
     0 | D:1      | Reached XP level 1. HP: 14/14 MP: 2/2
   398 | D:1      | Reached XP level 2. HP: 12/19 MP: 3/3
  1263 | D:2      | Noticed Sigmund
  1399 | D:2      | Reached XP level 3. HP: 24/24 MP: 5/5
  1516 | D:2      | Learned a level 3 spell: Ozocubu's Armour
  2177 | D:3      | Reached XP level 4. HP: 29/29 MP: 4/7
  2593 | D:3      | Found a faded altar of an unknown god.
  2936 | D:3      | Reached XP level 5. HP: 14/34 MP: 5/9
  3427 | D:4      | Noticed a lemure
  3429 | D:4      | Found a staircase to the Ecumenical Temple.
  3755 | D:4      | Noticed an ogre
  3772 | D:4      | Learned a level 4 spell: Summon Ice Beast
  4013 | D:4      | Reached skill level 1 in Summonings
  4192 | D:4      | Noticed Robin
  4219 | D:4      | Killed Robin
  4220 | D:4      | Reached XP level 6. HP: 25/39 MP: 3/10
  4658 | D:4      | Noticed Pikel
  4811 | Temple   | Entered the Ecumenical Temple
  5068 | Temple   | Became a worshipper of Sif Muna the Loreminder
  5242 | D:4      | Killed Pikel
  5243 | D:4      | Reached skill level 5 in Summonings
  5243 | D:4      | Reached XP level 7. HP: 38/45 MP: 3/11
  5516 | D:5      | Entered Level 5 of the Dungeon
  5627 | D:5      | Reached skill level 1 in Dodging
  5774 | D:5      | Reached XP level 8. HP: 35/50 MP: 5/13
  6240 | D:5      | Found the +4 robe of Augmentation {Str+4 Int+4 Dex+4}
  6922 | D:6      | Reached * piety under Sif Muna
  6934 | D:6      | Reached skill level 5 in Spellcasting
  6934 | D:6      | Reached XP level 9. HP: 31/54 MP: 3/16
  7062 | D:5      | HP: 2/54 [human/+0 quarterstaff (6)]
  7600 | D:6      | Noticed Eustachio
  7616 | D:5      | Killed Eustachio
  8105 | D:6      | Found a hazy altar of Hepliaklqana.
  8106 | D:6      | Found a shimmering altar of Xom.
  8107 | D:6      | Noticed a spectral ugly thing
  8817 | D:7      | Found an opulent altar of Gozag.
  8820 | D:7      | Found a blossoming altar of Fedhas.
  8823 | D:7      | Found a radiant altar of Vehumet.
  8826 | D:7      | Found an ancient bone altar of Kikubaaqudgha.
  8850 | D:7      | Found a sacrificial altar of Ru.
  9141 | D:7      | Slain by an unseen horror

Illustrated notes

Levels and vault maps discovered:
D:1:      lightli_arrival_flooded_house, layout_basic, serial_bayou,
          serial_bayou_shore_b, serial_bayou_shore_a, serial_bayou_pond_b,
          serial_bayou_ford_a
D:2:      layout_basic, dreamdust_wishing_well, uniq_sigmund
D:3:      layout_rooms, chequers_ecumenical_altar_simple
D:4:      layout_basic, minmay_temple_entry_waves, minmay_statues_item,
          st_stairs_7, uniq_robin, uniq_pikel
D:5:      layout_basic
D:6:      layout_layer_cave, regret_index_temple_of_mockery, minmay_ruffians,
          uniq_eustachio
D:7:      minmay_the_grid_octo_triangle [minmay_the_grid_octo_teeth,
          minmay_the_grid_octo_prize_star, minmay_the_grid_octo_fat_diamond],
          layout_layer_cave, lemuel_tele_altar,
          grunt_temple_overflow_cloverleaf, minmay_joined_circles, uniq_menkaure
Temple:   minmay_temple_curvy_branch

Skill      XL: |  1  2  3  4  5  6  7  8  9 |
---------------+----------------------------+-----
Spellcasting   | 2 3 5 6 |  6.2
Shields        | 2 3 4 |  4.0
Summonings     | 1 5 6 7 |  7.0
Ice Magic      | 6 7 |  7.0
Dodging        | 1 3 4 |  4.0
Fighting       | 3 |  3.2
Long Blades    | |  1.0

Action                   |  1- 3 |  4- 6 |  7- 9 || total
-------------------------+-------+-------+-------++-------
Melee: Falchion          |    13 |       |       ||    13
       Dagger            |    84 |    95 |    69 ||   248
       Constrict         |    18 |    28 |    18 ||    64
       Tentacles         |    15 |    15 |    21 ||    51
       Punch             |     1 |     1 |     1 ||     3
       Short sword       |       |       |     8 ||     8
 Cast: Freeze            |     4 |    59 |    52 ||   115
       Ozocubu's Armour  |       |     1 |    14 ||    15
       Summon Ice Beast  |       |       |     9 ||     9
  Use: Scroll            |     2 |     3 |     8 ||    13
       Potion            |       |     3 |       ||     3
 Stab: Sleeping          |     8 |     2 |     4 ||    14
Armor: Skin              |    14 |     1 |    21 ||    36
Dodge: Dodged            |    39 |    60 |    66 ||   165
Block: Buckler           |    15 |    45 |    71 ||   131
       Reflection        |       |     1 |     4 ||     5

Table legend: (Time is in decaauts)
 A = Elapsed time spent in this place.
 B = Non-inter-level travel time spent in this place.
 C = Inter-level travel time spent in this place.
 D = Time resting spent in this place.
 E = Time spent auto-exploring this place.
 F = Levels seen in this place.
 G = Mean time per level.
                   A        B        C        D        E       F      G
               +--------+--------+--------+--------+--------+-----+--------+
         Total |   9156 |   8834 |    322 |   4053 |   3222 |   8 | 1144.5 |
       Dungeon |   8888 |   8586 |    302 |   4053 |   2976 |   7 | 1269.7 |
        Temple |    268 |    248 |     20 |      0 |    246 |   1 |  268.0 |
               +--------+--------+--------+--------+--------+-----+--------+

Top non-repeatable levels by time:
     D:5: 1911 daAuts
     D:4: 1752 daAuts
     D:6: 1308 daAuts
     D:2: 1250 daAuts
     D:1: 1210 daAuts
     D:3: 1045 daAuts
     D:7: 409 daAuts
  Temple: 268 daAuts
